 Dungeon Crawl Stone Soup version 0.30.1-9-gdf580d7c3d (webtiles) character file.

Game seed: 4338343900730535513

2023 dolphinEJ the Basher (level 9, -3/74 HPs)
             Began as a Minotaur Gladiator on Oct 14, 2023.
             Was a Priest of Okawaru.
             Slain by a hornet (7 damage)
             ... on level 7 of the Dungeon on Oct 15, 2023.
             The game lasted 00:56:13 (4624 turns).

dolphinEJ the Basher (Minotaur Gladiator)           Turns: 4624, Time: 00:56:15

Health: -3/74      AC: 17    Str: 21 (22) XL:     9   Next: 3%
Magic:  8/8        EV:  6    Int:  8 (11) God:    Okawaru [***...]
Gold:   262        SH:  8    Dex: 10 (13) Spells: 6/8 levels left

rFire   . . .        W - +4 spear
rCold   . . .        m - +0 kite shield
rNeg    . . .        K - +3 plate armour
rPois   .            c - +0 hat
rElec   .            U - +0 cloak
rCorr   .            (no gloves)
SInv    +            f - +0 pair of boots
Will    .....        (no amulet) Stlth
                     M - ring of see invisible
HPRegen 0.32/turn    k - +6 ring of intelligence
MPRegen 0.11/turn

%: no passive effects
@: lethally poisoned (-3 -> -13), about to teleport, slowed, very slow
A: horns 2, retaliatory headbutt
a: Renounce Religion, Heroism


You were on level 7 of the Dungeon.
You worshipped Okawaru.
Okawaru was most pleased with you.
You visited 1 branch of the dungeon, and saw 7 of its levels.

You collected 262 gold pieces.

Inventory:

Hand Weapons
 a - a +0 trident
 g - a +0 club
 l - a +0 dagger
 n - a +0 club
 w - a +1 dagger of venom
 x - a +0 dagger of freezing
 D - the +3 mace of Floods {flame, rF+}
   (You took it off an orc on level 3 of the Dungeon)

   rF:        It protects you from fire.
 E - a +0 hand axe
 G - a +3 hand axe
 L - a +0 hand axe of freezing
 Q - a +2 scythe of venom
 R - a +2 short sword of holy wrath
 T - a +3 quarterstaff of chaos
 W - a +4 spear (weapon)
 X - a +3 halberd
Missiles
 d - a throwing net
 e - a javelin
 o - 5 curare-tipped darts (quivered)
 C - a silver boomerang
 I - 2 boomerangs
 O - 13 stones
Armour
 b - a +1 leather armour
 c - a +0 hat (worn)
 f - a +0 pair of boots (worn)
 m - a +0 kite shield (worn)
 t - a +0 robe
 u - a +0 robe
 y - a +0 scale mail
 K - a +3 plate armour (worn)
 U - a +0 cloak (worn)
Magical Staves
 v - a staff of death
 A - a staff of cold
 H - a staff of conjuration
Jewellery
 k - a +6 ring of intelligence (right hand)
 M - a ring of see invisible (left hand)
 V - a ring of resist corrosion
Wands
 Y - a wand of paralysis (3)
Scrolls
 h - a scroll of fear {unknown}
 B - a scroll of silence {unknown}
 F - a scroll of blinking {unknown}
 J - a scroll of identify {unknown}
Potions
 r - 2 potions of mutation {unknown}
 z - a potion of haste {unknown}
 S - 2 potions of brilliance {unknown}


   Skills:
 + Level 5.6 Fighting
 - Level 0.6 Short Blades
 * Level 8.6(8.7) Maces & Flails
 - Level 5.0(5.2) Polearms
 + Level 1.8(6.6) Staves
 + Level 2.1 Throwing
 + Level 5.3 Armour
 + Level 4.9 Dodging
 + Level 0.4 Stealth
 + Level 4.8 Shields
 + Level 1.0 Invocations


You had 6 spell levels left.
You knew the following spells:

 Your Spells              Type           Power      Damage    Failure   Level
a - Wereblood             Tmut           0%         N/A       100%        2

Your spell library contained the following spells:

 Spells                   Type           Power      Damage    Failure   Level
 Apportation              Tloc           0%         N/A       100%        1
 Necrotise                Necr           0%         1d4       100%        1
 Sublimation of Blood     Necr           0%         N/A       100%        2
 Manifold Assault         Tloc           0%         N/A       100%        4
 Dispersal                Tloc           0%         N/A       100%        6
 Disjunction              Tloc           0%         N/A       100%        8
 Summon Small Mammal      Summ           Unusable   N/A       N/A         1
 Summon Hydra             Summ           Unusable   N/A       N/A         7

Dungeon Overview and Level Annotations

Branches:
Dungeon (7/15)             Temple (0/1) D:4

Altars:
Ashenzari
Hepliaklqana
Okawaru
Qazlal
Uskayaw
Yredelemnul

Shops:
D:2 (


Innate Abilities, Weirdness & Mutations

You have a pair of horns on your head.
You reflexively headbutt those who attack you in melee.


Message History

You kill the gnoll!
Okawaru accepts your kill.
You feel sick. The hornet stings you.
You feel as though you will be slow longer.
The hornet stings you but does no damage.
You hit the hornet but do no damage.
The hornet is moderately wounded.
You feel sick. You block the hornet's attack.
The hornet stings you but does no damage.
The hornet stings you.
You feel as though you will be slow longer.
You miss the hornet.
The hornet is moderately wounded.
You feel sick. The hornet stings you!
* * * LOW HITPOINT WARNING * * *
You are more poisoned.
You feel as though you will be slow longer.
You block the hornet's attack.
It was a potion of magic.
Magic courses through your body.
You feel very sick.
The hornet stings you but does no damage. x2
As you read the scroll of teleportation, it crumbles to dust.
You feel strangely unstable.
You feel very sick. The hornet barely misses you.
The hornet stings you but does no damage.
You hit the hornet.
The hornet is moderately wounded.
You feel sick. The hornet stings you.
* * * LOW HITPOINT WARNING * * *
You are lethally poisoned!
You feel as though you will be slow longer.
The hornet barely misses you. You furiously retaliate!
You headbutt the hornet!
It was a potion of degeneration.
There was something very wrong with that liquid.
You feel weakened.
You feel dopey.
You feel clumsy.
* * * LOW HITPOINT WARNING * * *
You feel very sick. The hornet barely misses you. The hornet stings you!
You die...

... .... # ..
.#.#.#
......#.##
#.#.......
#.#...#.##
##.#.......
#####..))......
.......@y......
#####..)#......
##.## ..... #.#
...# ###### #.#
.## ....#.####.#
#
#........###....
#........)......
##....#######..#


You could see a hornet.

Vanquished Creatures
  The ghost of BillyBaka the Skirmisher, a novice MiHu of Okawaru (D:6)
  Grinder (D:5)
  Sigmund (D:5)
  2 water moccasins
  A phantom (D:5)
  A kobold brigand (D:7)
  5 wights (D:6)
  An electric eel (D:6)
  A jelly (D:6)
  A hound (D:5)
  Crazy Yiuf (D:5)
  A sleepcap (D:5)
  4 iguanas
  2 orc priests
  Robin (D:2)
  3 gnolls (D:7)
  5 adders
  A shadow imp (D:5)
  2 white imps (D:6)
  A worm (D:3)
  5 dart slugs
  25 orcs
  6 bats
  7 endoplasms
  5 giant cockroaches
  15 goblins
  12 hobgoblins
  5 jackals
  9 kobolds
  2 quokkas
  6 ball pythons
  3 frilled lizards
  8 rats
144 creatures vanquished.

Notes
Turn   | Place    | Note
-------+----------+-------------------------------------------
     0 | D:1      | dolphinEJ the Minotaur Gladiator began the quest for the
                  | Orb.
     0 | D:1      | Reached XP level 1. HP: 18/18 MP: 0/0
    80 | D:1      | Reached XP level 2. HP: 18/25 MP: 1/1
   286 | D:1      | Reached XP level 3. HP: 24/30 MP: 2/2
   398 | D:1      | Reached skill level 1 in Armour
   532 | D:2      | Learned a level 2 spell: Wereblood
   585 | D:2      | Noticed Robin
   805 | D:2      | Found Mievantas's Weapon Shop.
   940 | D:2      | Killed Robin
   941 | D:2      | Reached XP level 4. HP: 34/37 MP: 3/3
  1253 | D:2      | Found a faded altar of an unknown god.
  1261 | D:2      | Prayed at the altar of an unknown god.
  1261 | D:2      | Became a worshipper of Warmaster Okawaru
  1261 | D:2      | Reached * piety under Okawaru
  1545 | D:3      | Reached skill level 1 in Shields
  1673 | D:3      | Identified the +3 mace of Floods {flame, rF+}
  1674 | D:3      | Reached skill level 5 in Polearms
  1850 | D:3      | Reached XP level 5. HP: 35/45 MP: 4/4
  2207 | D:4      | Noticed a water moccasin
  2227 | D:4      | Killed a water moccasin
  2228 | D:4      | Reached skill level 2 in Maces & Flails
  2228 | D:4      | Reached XP level 6. HP: 36/52 MP: 5/5
  2237 | D:4      | Found a staircase to the Ecumenical Temple.
  2746 | D:5      | Entered Level 5 of the Dungeon
  2746 | D:5      | Found a hide-covered altar of Uskayaw.
  2792 | D:5      | Found a basalt altar of Yredelemnul.
  3025 | D:5      | Found a hazy altar of Hepliaklqana.
  3042 | D:5      | Reached skill level 3 in Maces & Flails
  3084 | D:5      | Reached ** piety under Okawaru
  3085 | D:5      | Reached skill level 4 in Maces & Flails
  3155 | D:5      | Reached XP level 7. HP: 56/59 MP: 6/6
  3196 | D:5      | Found a stormy altar of Qazlal.
  3196 | D:5      | Noticed Sigmund
  3205 | D:5      | Killed Sigmund
  3227 | D:5      | Noticed Grinder
  3236 | D:5      | Killed Grinder
  3237 | D:5      | Reached skill level 5 in Maces & Flails
  3556 | D:5      | Found a runed translucent door.
  3557 | D:5      | Noticed Crazy Yiuf
  3564 | D:5      | Killed Crazy Yiuf
  3754 | D:6      | Found a broken altar of Ashenzari.
  3762 | D:6      | Found a runed translucent gate.
  3764 | D:6      | Found a runed translucent gate.
  3766 | D:6      | Found a runed translucent gate.
  3768 | D:6      | Noticed BillyBaka's ghost (novice MiHu)
  3824 | D:6      | Reached skill level 6 in Maces & Flails
  3824 | D:6      | Reached XP level 8. HP: 58/67 MP: 7/7
  3934 | D:6      | Reached skill level 7 in Maces & Flails
  3935 | D:6      | Reached *** piety under Okawaru
  4431 | D:6      | Killed BillyBaka's ghost
  4432 | D:6      | Reached skill level 5 in Fighting
  4432 | D:6      | Reached skill level 8 in Maces & Flails
  4432 | D:6      | Reached skill level 1 in Staves
  4432 | D:6      | Reached skill level 5 in Armour
  4432 | D:6      | Reached skill level 1 in Invocations
  4591 | D:7      | Noticed a hornet
  4610 | D:7      | Reached XP level 9. HP: 57/74 MP: 6/8
  4624 | D:7      | Slain by a hornet

Illustrated notes

Levels and vault maps discovered:
D:1:      dpeg_arrival_rooms_c, layout_basic, serial_bayou, serial_bayou_pond_c,
          serial_bayou_pond_e, serial_bayou_lagoon_b, serial_bayou_lake_a
D:2:      minmay_thinvault, layout_basic, dilly_ecumenical_altar_fadedgnrine,
          serial_shops, nicolae_diamond_shop, kennysheep_generic_room_16,
          uniq_robin
D:3:      layout_basic, minmay_statues_item, minivault_11
D:4:      layout_loops_ring, minmay_temple_entry_trees
D:5:      layout_gridville, mainiacjoe_overflow_cross_hatched,
          nicolae_uskayaw_dance_hall, mainiacjoe_overflow_large_starburst,
          uniq_grinder, uniq_crazy_yiuf_cottage, uniq_sigmund
D:6:      layout_cave_pods, mainiacjoe_overflow_six_doors_small,
          ebering_ghost_rock_garden, grunt_decor_cap, st_stairs_14,
          nrook_pool_corridor
D:7:      layout_loops_ring, minivault_25, nicolae_inconvenience_store,
          chequers_serial_rivers_small_a, minivault_26,
          chequers_decorated_corner, roderic_serpentine_path

Skill      XL: |  1  2  3  4  5  6  7  8 |
---------------+-------------------------+-----
Polearms       | 4 5 |  5.0
Armour         | 1 2 3 5 |  5.3
Dodging        | 4 |  4.9
Fighting       | 3 4 5 |  5.6
Shields        | 1 2 3 4 |  4.8
Maces & Flails | 2 4 6 8 |  8.6
Staves         | 1 |  1.8
Invocations    | 1 |  1.0
Short Blades   | |  0.6
Throwing       | |  2.1
Stealth        | |  0.4

Action                     |  1- 3 |  4- 6 |  7- 9 || total
---------------------------+-------+-------+-------++-------
  Melee: Trident           |    37 |       |       ||    37
         Headbutt          |    19 |    17 |    17 ||    53
         Spear             |    88 |    16 |    68 ||   172
         Dagger            |       |    50 |       ||    50
         Mace              |       |    84 |    22 ||   106
         Quarterstaff      |       |       |    17 ||    17
  Throw: Throwing net      |     4 |       |       ||     4
         Stone             |     4 |       |       ||     4
         Javelin           |     1 |       |       ||     1
         Dart              |       |     1 |       ||     1
 Invoke: Heroism           |       |       |     3 ||     3
    Use: Scroll            |     4 |       |     2 ||     6
         Potion            |     2 |     2 |     7 ||    11
 Armour: Leather armour    |    52 |     8 |       ||    60
         Scale mail        |       |    35 |       ||    35
         Plate armour      |       |    17 |    59 ||    76
  Dodge: Dodged            |    84 |    64 |    29 ||   177
  Block: Kite shield       |    27 |    68 |    49 ||   144
